 Dungeon Crawl Stone Soup version 0.26-a0-163-g6c8a0bf695 (webtiles) character file.

Game seed: 7500695190818976327

27 B4None the Poker (level 2, -1/26 HPs)
             Began as a Draconian Berserker on July 3, 2020.
             Was a Follower of Trog.
             Slain by a hobgoblin (4 damage)
             ... led by Robin
             ... on level 2 of the Dungeon.
             The game lasted 00:14:38 (1280 turns).

B4None the Poker (Draconian Berserker)              Turns: 1280, Time: 00:14:38

Health: -1/26      AC:  4    Str: 19    XL:     2   Next: 93%
Magic:  2/2        EV: 12    Int:  7    God:    Trog [*.....]
Gold:   44         SH:  0    Dex: 10    Spells: 1/1 levels left

rFire    x . .     SeeInvis .   a - +0 spear
rCold    + . .     Faith    .   (no shield)
rNeg     . . .     Spirit   .   (armour unavailable)
rPois    .         Reflect  .   (helmet restricted)
rElec    .         Harm     .   (no cloak)
rCorr    .                      (no gloves)
MR       .....                  (no boots)
Stlth    +.........             (no amulet)
HPRegen  0.08/turn              d - ring of ice
MPRegen  0.08/turn              (no ring)

@: no status effects
A: unfitting armour, cold-blooded, AC +4
a: Berserk, Renounce Religion


You were on level 2 of the Dungeon.
You worshipped Trog.
Trog was aware of your devotion.
You were not hungry.

You visited 1 branch of the dungeon, and saw 2 of its levels.

You collected 44 gold pieces.

Inventory:

Hand Weapons
 a - a +0 spear (weapon)
 e - a +0 whip
 g - a +0 hand axe
 h - a +0 club
 i - a cursed -2 short sword
 j - a +0 club
 p - a +0 hunting sling
Missiles
 f - 2 throwing nets (quivered)
 m - 22 sling bullets
 o - 14 stones
Jewellery
 d - a ring of ice (left hand)
Potions
 c - 2 potions of heal wounds {unknown}
 l - a potion of invisibility {unknown}
 n - a potion of stabbing {unknown}
Comestibles
 b - 3 rations


   Skills:
 - Level 3.3 Fighting
 + Level 3.9 Polearms
 - Level 2.9 Dodging


You had one spell level left.
You didn't know any spells.
Your spell library was empty.

Dungeon Overview and Level Annotations

Branches:
Dungeon (2/15)

Altars:

Annotations:
D:2 Robin


Innate Abilities, Weirdness & Mutations

Your plain brown scales are hard. (AC +4)
You cannot fit into any form of body armour.
You are cold-blooded and may be slowed by cold attacks.


Message History

A goblin comes into view. It is wielding a +0 club.
You hit the goblin.
You kill the goblin!
Trog accepts your kill. Robin completely misses you.
The goblin hits you with a +0 club.
You closely miss the hobgoblin.
Your tail-slap misses the hobgoblin.
Robin closely misses you. The hobgoblin hits you.
The goblin hits you with a +0 club.
You hit the hobgoblin but do no damage. The hobgoblin closely misses you.
Robin closely misses you.
You closely miss the hobgoblin. The goblin hits you with a +0 club.
* * * LOW HITPOINT WARNING * * *
Robin barely misses you.
The hobgoblin hits you but does no damage.
You barely miss the hobgoblin. The goblin barely misses you.
You closely miss the hobgoblin. The hobgoblin closely misses you.
The goblin hits you with a +0 club.
* * * LOW HITPOINT WARNING * * *
You hit the hobgoblin but do no damage. The hobgoblin hits you.
You die... .. #.. .. #.. #.. #.##.# #.# ... #.##.# #.# #..#.##.# #.# #..#.##.# #### #.# #.....#.# .gg

#.# ##.#..#.##)# #.#
#....g@g# #.#
#.#################<#
#...................#
#####################


You could see Robin, a hobgoblin (strong) and 2 goblins.

Vanquished Creatures
  An ooze (D:1)
  A leopard gecko (D:1)
  2 bats (D:1)
  2 giant cockroaches (D:1)
  5 goblins
  3 hobgoblins (D:1)
  A ball python (D:1)
  2 frilled lizards (D:1)
  2 kobolds (D:1)
  2 rats (D:1)
21 creatures vanquished.

Notes
Turn   | Place    | Note
-------+----------+-------------------------------------------
     0 | D:1      | B4None the Draconian Berserker began the quest for the Orb.
     0 | D:1      | Reached XP level 1. HP: 19/19 MP: 1/1
   366 | D:1      | Reached XP level 2. HP: 25/26 MP: 2/2
  1268 | D:2      | Noticed Robin
  1280 | D:2      | Slain by a hobgoblin

Illustrated notes

Levels and vault maps discovered:
D:1:      matt_arrival_refuge, layout_loops_ring, kennysheep_small_spiral,
          patterned_corridor
D:2:      layout_basic, minivault_19, uniq_robin, uniq_terence

Action                   || total
-------------------------++-------
Melee: Spear             ||    76
       Tailslap          ||     2
Invok: Berserk           ||     1
  Eat: Chunk             ||     2
Armor: Skin              ||    29
Dodge: Dodged            ||    77

Table legend:
 A = Non-vault XP
 B = Vault XP
 C = Vault XP percentage of total XP
 D = Non-vault monster count
 E = Vault monster count
 F = Vault count percentage of total count
                 A         B        C        D         E       F
            +---------+---------+-------+---------+---------+-------
      Total |      36 |       3 |   7.7 |      19 |       2 |   9.5
            +---------+---------+-------+---------+---------+-------
        D:1 |      36 |       0 |   0.0 |      19 |       0 |   0.0
        D:2 |       0 |       3 | 100.0 |       0 |       2 | 100.0
            +---------+---------+-------+---------+---------+-------
